 Dungeon Crawl Stone Soup version 0.24.1-14-gf8d2b509d9 (webtiles) character file.

Game seed: 14871935124915154601, levelgen mode: deterministic

3 Descartes the Grasshopper (level 1, 0/9 HPs)
             Began as a Felid Warper on May 21, 2020.
             Succumbed to a kobold's poison
             ... on level 1 of the Dungeon.
             The game lasted 00:00:26 (128 turns).

Descartes the Grasshopper (Felid Warper)             Turns: 128, Time: 00:00:27

Health: 0/9        AC:  1    Str:  7    XL:     1   Next: 41%
Magic:  4/4        EV: 18    Int: 14    God:
Gold:   0          SH:  0    Dex: 15    Spells: 4/4 levels left
                                        Lives:  0   Deaths: 0

rFire    . . .     SeeInvis +     - Unarmed
rCold    . . .     Gourm    .   (shield unavailable)
rNeg     . . .     Faith    .   (armour unavailable)
rPois    .         Spirit   .   (helmet unavailable)
rElec    .         Reflect  .   (cloak unavailable)
rCorr    .         Harm     .   (gloves unavailable)
MR       .....                  (boots unavailable)
Stlth    ++........             (no amulet)
HPRegen  0.03/turn              (no ring)
MPRegen  0.09/turn              (no ring)

@: lethally poisoned (0 -> -7), quick
A: very small, no armour, no weapons or thrown items, stealth, claws 1, fangs 3,
see invisible, carnivore, speed 1, shaggy fur 1, slow metabolism 1, sharp paws
a: no special abilities


You were on level 1 of the Dungeon.
You were not hungry.

You visited 1 branch of the dungeon, and saw 1 of its levels.

Inventory:

Missiles
 d - 23 stones
Scrolls
 b - a scroll of blinking
 f - a scroll of teleportation {unknown}
Potions
 a - 2 potions of curing {unknown}
 e - a potion of agility {unknown}
Comestibles
 c - 2 rations


   Skills:
 - Level 2.0 Fighting
 - Level 3.2 Dodging
 + Level 1.5 Stealth
 - Level 2.0 Unarmed Combat
 - Level 2.0 Spellcasting
   Level 4.4 Translocations


You had 4 spell levels left.
You didn't know any spells.
Your spell library contained the following spells:

 Spells                   Type           Power        Failure   Level  Hunger
 Blink                    Tloc           N/A          6%          2    ###....
 Gell's Gravitas          Tloc           ##........   12%         3    ####...
 Lesser Beckoning         Tloc           ##........   12%         3    ####...
 Teleport Other           Tloc           ##......     12%         3    ####...
 Shroud of Golubria       Chrm/Tloc      #.....       14%         2    ###....
 Passage of Golubria      Tloc           N/A          36%         4    #####..


Dungeon Overview and Level Annotations

Branches:
Dungeon (1/15)

Altars:


Innate Abilities, Weirdness & Mutations

You cannot wear armour.
You are incapable of wielding weapons or throwing items.
Your paws allow you to move quietly. (Stealth)
You have sharp claws.
You have razor-sharp teeth.
You have supernaturally acute eyesight. (SInv)
You are carnivorous and can eat meat at any time.
You cover ground quickly.
You are covered in fur. (AC +1)
You have a slow metabolism.
Your sharp claws are effective at attacking unaware monsters.


Message History

You scratch the kobold.
You kill the kobold!
You feel sick. The bat barely misses you. The bat misses you. x2
Things that are here:
a +2 whip of venom; a kobold corpse You scratch the bat.
The bat is heavily wounded.
You feel sick. The bat closely misses you. The bat completely misses you.
* * * LOW HITPOINT WARNING * * *
You feel sick. The bat completely misses you.
Things that are here:
a +2 whip of venom; a kobold corpse The bat hits you.
* * * LOW HITPOINT WARNING * * *
The bat misses you.
You scratch the bat.
You kill the bat!
You die...

. #### ..########
...###### #........#
##...... #........##
#.....#
#.......).#####..)..#
#.######@....##.....#
#.###.####.### #..
#.## #.# ##.##..###.#
#.###.....#
#...####..##
##...##...####
#######.###.....##
......#.# #.###..##


There were no monsters in sight!

Vanquished Creatures
  2 kobolds (D:1)
  2 bats (D:1)
4 creatures vanquished.

Notes
Turn   | Place    | Note
-------+----------+-------------------------------------------
     0 | D:1      | Descartes the Felid Warper began the quest for the Orb.
     0 | D:1      | Reached XP level 1. HP: 9/9 MP: 4/4
    96 | D:1      | Reached skill level 1 in Stealth
   128 | D:1      | Succumbed to a kobold's poison

Levels and vault maps discovered:
D:1:      lightli_arrival_quake, layout_rooms, chequers_serial_rivers_marsh

Skill      XL: |  1 |
---------------+----+-----
Stealth        | 1 |  1.5
Fighting       | |  2.0
Dodging        | |  3.2
Unarmed Combat | |  2.0
Spellcasting   | |  2.0
Translocations | |  4.4

Action                   || total
-------------------------++-------
Melee: Unarmed           ||    11
  Eat: Chunk             ||     1
Armor: Skin              ||     1
Dodge: Dodged            ||    19
